 Dungeon Crawl Stone Soup version 0.28-a0-1524-ge72afd5fc6 (webtiles) character file.

Game seed: 17544540308516781829

1191 Zonian the Ducker (level 8, -10/50 HPs)
             Began as a Djinni Ice Elementalist on Jan 17, 2022.
             Was an Initiate of Ashenzari.
             Mangled by an orc warrior (18 damage)
             ... on level 6 of the Dungeon.
             The game lasted 00:23:43 (12736 turns).

Zonian the Ducker (Djinni Ice Elementalist)        Turns: 12736, Time: 00:23:43

Health: -10/50     AC: 11    Str:  7    XL:     8   Next: 71%
Gold:   279        EV: 14    Int: 18    God:    Ashenzari [......] SH:  4 Dex: 15

rFire   + + .      SeeInvis .   i - +3 dagger
rCold   x . .      Faith    .   n - +0 buckler
rNeg    . . .      Spirit   .   a - +0 robe
rPois   ∞          Reflect  .   m - +0 helmet of Supernal Gnosis {Cun, Range} (curse)
rElec   .          Harm     .   (no cloak)
rCorr   .          Rampage  .   g - +1 pair of gloves
Will    .....                   (boots unavailable)
Stlth   +++.......              (no amulet)
HPRegen 0.16/turn               (no ring)
MPRegen 0.00/turn               (no ring)

@: ice-armoured, freezing walls, flying
A: sickness immunity, fire resistance 2, cold vulnerability 1, float, innate
caster, hp casting, extra vitality 1
a: Renounce Religion, Shatter the Chains


You were on level 6 of the Dungeon.
You worshipped Ashenzari.
Ashenzari was noncommittal.
You visited 2 branches of the dungeon, and saw 8 of its levels.

You collected 279 gold pieces.

Inventory:

Hand Weapons
 d - a +0 whip
 i - a +3 dagger (weapon)
 o - a +0 rapier
Missiles
 k - 5 javelins
Armour
 a - a +0 robe (worn)
 g - a +1 pair of gloves (worn)
 j - a +3 leather armour
 m - the cursed +0 helmet of Supernal Gnosis (worn) {Cun, Range}
   (You found it on level 4 of the Dungeon)

   It has a curse which improves the following skills: Cunning: Dodging and
   Stealth.
   Ranged Combat: Slings, Bows, Crossbows and Throwing.
 n - a +0 buckler (worn)
Jewellery
 b - a ring of fire
Wands
 p - a wand of flame (10)
Scrolls
 f - a scroll of teleportation
 q - a scroll of fog
Potions
 c - a potion of lignification
 e - a potion of curing
 h - a potion of ambrosia {unknown}
 l - a potion of haste {unknown}
 r - a potion of heal wounds


   Skills:
 + Level 3.4 Short Blades
 + Level 5.7(6.2) Dodging
 + Level 4.6(5.1) Stealth
 + Level 2.3 Shields
 + Level 5.0 Spellcasting


You couldn't memorise any spells.
You knew the following spells:

 Your Spells              Type           Power      Damage    Failure   Level
a - Freeze                Ice            88%        1d10      2%          1
b - Frozen Ramparts       Ice            44%        1d6       7%          3
c - Ozocubu's Armour      Ice            22%        N/A       7%          3
d - Hailstorm             Conj/Ice       22%        3d7       22%         4
e - Sting                 Tmut/Pois      88%        1d7       2%          1
f - Blink                 Tloc           44%        N/A       3%          2
g - Teleport Other        Tloc           22%        N/A       7%          3
Your spell library was empty.

Dungeon Overview and Level Annotations

Branches:
Dungeon (7/15)             Temple (1/1) D:5

Altars:
Ashenzari
Hepliaklqana
Kikubaaqudgha
Makhleb
Sif Muna
Vehumet
Yredelemnul
Zin
The Shining One

Shops:
D:2 (


Innate Abilities, Weirdness & Mutations

You are immune to sickness and miasma.
You are immune to poison.
Your flesh is very heat resistant. (rF++)
You are vulnerable to cold. (rC-)
You float through the air rather than walking.
You learn spells naturally, not from books.
Your magical power is your life essence.
You have superior vitality. (+4 MHP)


Message History

There is a stone staircase leading up here.
Key pressed, stopping travel.
Unknown command.
Found 32 arrows.
An orc comes into view. It is wielding a +0 short sword.
Unknown command.
An orc warrior and 2 orcs come into view.
You hit the orc warrior.
The orc warrior is lightly wounded.
You closely miss the orc warrior.
The orc warrior is lightly wounded.
The orc warrior barely misses you.
You hit the orc warrior but do no damage.
The orc warrior is lightly wounded.
You block the orc warrior's attack.
Unknown command.
There is a stone staircase leading up here.
The orc warrior hits you with a +0 war axe!
You fly upwards.
There is a stone staircase leading down here.
Unknown command.
Casting: Ozocubu's Armour (dangerous; 7% risk of failure)
Confirm with . or Enter, or press ? or * to list all spells.
Casting: Frozen Ramparts (dangerous; 7% risk of failure)
Press: ? - help, Dir - look around, f - activate The walls around you are covered in ice.
The wall freezes the orc warrior.
The orc warrior hits you with a +0 war axe!
Unknown command.
Casting: Frozen Ramparts (dangerous; 7% risk of failure)
Confirm with . or Enter, or press ? or * to list all spells.
A film of ice covers your body!
The wall freezes the orc warrior.
The orc warrior hits you with a +0 war axe!
* * * LOW HITPOINT WARNING * * *
Unknown command.
You hit the orc warrior but do no damage.
The orc warrior is moderately wounded.
The wall freezes the orc warrior.
The orc warrior hits you with a +0 war axe!!
You die...

.......#...##....(.........##
.........#..................#
.........##.................#
#.........#.....>...........#
...........#................#
.##........#..........##.####
.####.................##.# .#
#...........o##.....## ##
##...........@>...#...### #
#........#........##....##
####......####.......#......#
..........####......##.!....#
..##.##.....#.......##......#
..##.#..###....#....#......##
.....#..###.##.#............#
.....#...#..####...........##
##..###......#.......#....##


You could see an orc warrior.

Vanquished Creatures
  Menkaure (D:6)
  A sky beast (D:5)
  A black bear (D:4)
  A necrophage (D:5)
  2 phantoms
  A scorpion (D:6)
  A centaur zombie (D:6)
  2 orc priests (D:4)
  A bullfrog skeleton (D:6)
  A jelly (D:6)
  2 hounds (D:5)
  3 centaur skeletons
  2 iguanas
  2 orc wizards
  A hound skeleton (D:4)
  A howler monkey skeleton (D:5)
  3 gnolls (D:5)
  4 adders
  A white imp (D:6)
  2 ufetubi
  An adder skeleton (D:5)
  A worm (D:4)
  3 dart slugs (D:1)
  14 orcs
  4 endoplasms
  9 goblins
  5 hobgoblins
  4 jackals (D:4)
  2 quokkas
  8 ball pythons
  2 bats (D:2)
  3 frilled lizards (D:1)
  4 kobolds
  9 rats
102 creatures vanquished.

Notes
Turn   | Place    | Note
-------+----------+-------------------------------------------
     0 | D:1      | Zonian the Djinni Ice Elementalist began the quest for the
                  | Orb.
     0 | D:1      | Reached XP level 1. HP: 15/15 MP: 0/0
   273 | D:1      | Reached XP level 2. HP: 14/21 MP: 0/0
   605 | D:1      | Found a faded altar of an unknown god.
  1255 | D:1      | Reached XP level 3. HP: 24/25 MP: 0/0
  1255 | D:1      | Learned a level 1 spell: Sting
  2238 | D:2      | Found Qymar's Antique Weapon Shoppe.
  3151 | D:3      | Found a basalt altar of Yredelemnul.
  3159 | D:3      | Noticed a profane servitor
  3171 | D:3      | Found a glowing golden altar of the Shining One.
  3251 | D:3      | Reached XP level 4. HP: 28/31 MP: 0/0
  3782 | D:3      | Reached XP level 5. HP: 29/35 MP: 0/0
  3782 | D:3      | Learned a level 2 spell: Blink
  3878 | D:3      | Found a hazy altar of Hepliaklqana.
  4023 | D:3      | Noticed an angel
  5156 | D:4      | Noticed a necrophage
  5945 | D:4      | Noticed a black bear
  6096 | D:4      | Reached XP level 6. HP: 32/40 MP: 0/0
  6464 | D:3      | Reached skill level 1 in Short Blades
  8745 | D:4      | Killed a black bear
  8746 | D:4      | Reached XP level 7. HP: 32/45 MP: 0/0
  8746 | D:4      | Learned a level 3 spell: Teleport Other
  8886 | D:5      | Entered Level 5 of the Dungeon
  8941 | D:5      | Found a staircase to the Ecumenical Temple.
  9002 | Temple   | Entered the Ecumenical Temple
  9307 | Temple   | Became a worshipper of Ashenzari the Shackled
 10438 | D:5      | Reached skill level 5 in Dodging
 10574 | D:5      | Reached skill level 1 in Shields
 10574 | D:5      | Reached XP level 8. HP: 42/50 MP: 0/0
 11485 | D:6      | Noticed Menkaure
 11488 | D:6      | Killed Menkaure
 12084 | D:6      | Reached skill level 5 in Spellcasting
 12736 | D:6      | Mangled by an orc warrior

Illustrated notes

Levels and vault maps discovered:
D:1:      dpeg_arrival_pits, layout_basic, chequers_ecumenical_altar_island,
          chequers_decorated_corner
D:2:      layout_basic, serial_shops, shop, minmay_pentomino_o4
D:3:      layout_rooms, grunt_temple_overflow_holy_war,
          worldfamousw_hep_ancestral_shrine, nicolae_overflow_crystal_walls
D:4:      layout_layer_cave, kennysheep_nub
D:5:      layout_basic, minmay_temple_entry_slanted
D:6:      layout_cave_pools, uniq_menkaure
D:7:      layout_gridville, nicolae_elyvilon_peaceful_grove,
          nicolae_dithmenos_the_darkroom
Temple:   zaba_magenta_temple

Skill      XL: |  1  2  3  4  5  6  7  8 |
---------------+-------------------------+-----
Stealth        | 2 3 4 |  4.6
Dodging        | 3 4 5 |  5.7
Spellcasting   | 4 5 |  5.0
Short Blades   | 1 2 3 |  3.4
Shields        | 1 2 |  2.3

Action                   |  1- 3 |  4- 6 |  7- 9 || total
-------------------------+-------+-------+-------++-------
Melee: Whip              |    41 |       |       ||    41
       Dagger            |    11 |    78 |   200 ||   289
       Punch             |       |     1 |     1 ||     2
 Cast: Freeze            |    45 |    50 |     3 ||    98
       Frozen Ramparts   |       |     2 |     6 ||     8
       Ozocubu's Armour  |       |     1 |     8 ||     9
       Sting             |       |       |     3 ||     3
Invok: Curse Item        |       |       |     1 ||     1
Evoke: Wand              |       |       |     4 ||     4
  Use: Scroll            |    10 |     1 |     5 ||    16
       Potion            |       |     2 |     3 ||     5
 Stab: Sleeping          |     4 |     4 |     5 ||    13
       Distracted        |       |     1 |       ||     1
Armor: Robe              |    16 |    36 |    45 ||    97
Dodge: Dodged            |    68 |   100 |   125 ||   293
Block: Buckler           |       |       |    17 ||    17

Table legend: (Time is in decaauts)
 A = Elapsed time spent in this place.
 B = Non-inter-level travel time spent in this place.
 C = Inter-level travel time spent in this place.
 D = Time resting spent in this place.
 E = Time spent auto-exploring this place.
 F = Levels seen in this place.
 G = Mean time per level.
                   A        B        C        D        E       F      G
               +--------+--------+--------+--------+--------+-----+--------+
         Total |  12731 |  12284 |    447 |   6764 |   3634 |   8 | 1591.4 |
       Dungeon |  12210 |  11763 |    447 |   6274 |   3627 |   7 | 1744.3 |
        Temple |    520 |    520 |      0 |    490 |      7 |   1 |  520.0 |
               +--------+--------+--------+--------+--------+-----+--------+

Top non-repeatable levels by time:
     D:3: 3295 daAuts
     D:4: 2572 daAuts
     D:1: 2223 daAuts
     D:6: 1729 daAuts
     D:5: 1451 daAuts
     D:2: 920 daAuts
  Temple: 520 daAuts
     D:7: 19 daAuts
